BSA
ST CHARLES SHEENS @ MADISON BOMBERS
05/26/2026
 
TOP OF THE 1ST
St Charles Sheens batting - Pitching for Madison Bombers : RHP Bennie Jones
Pitching: RHP Bennie Jones
Batting: RHB Dan Tyler 0-0: Swinging Strike
0-1: Fly out, F3 (Popup, 3SF)
Batting: LHB Bob Ware 0-0: Ball
1-0: Swinging Strike
1-1: Swinging Strike
1-2: Foul Ball, location: 2F
1-2: Strikes out looking
Batting: RHB Kel Pierce 0-0: Called Strike
0-1: SINGLE (Flyball, 8LS)
Batting: LHB Juan Jose Rojas 0-0: Ball
1-0: Foul Ball, location: 2F
1-1: Ball
2-1: Ball
3-1: Fly out, F6 (Line Drive, 6)
Top of the 1st over - 0 run(s), 1 hit(s), 0 error(s), 1 left on base; St Charles 0 - Madison 0
BOTTOM OF THE 1ST
Madison Bombers batting - Pitching for St Charles Sheens : LHP Ben Moody
Pitching: LHP Ben Moody
Batting: RHB Guo-xiu Choi 0-0: Fly out, F8 (Flyball, 8RD)
Batting: RHB Alonso Holguín 0-0: Called Strike
0-1: Ball
1-1: Ball
2-1: Foul Ball, location: 2F
2-2: SINGLE (Flyball, 7S)
Batting: LHB Seung-chun Mun 0-0: Foul Ball, location: 2F
0-1: Ball
1-1: Ball
2-1: Ball
3-1: Grounds into double play, 4-6-3 (Groundball, 4)
Bottom of the 1st over - 0 run(s), 1 hit(s), 0 error(s), 0 left on base; St Charles 0 - Madison 0
TOP OF THE 2ND
St Charles Sheens batting - Pitching for Madison Bombers : RHP Bennie Jones
Batting: LHB Larry Howard 0-0: Called Strike
0-1: Fly out, F7 (Line Drive, 7S)
Batting: LHB Jason Lambert 0-0: Called Strike
0-1: Ball
1-1: Called Strike
1-2: Strikes out swinging
Batting: LHB Gene Cooper 0-0: Called Strike
0-1: Ball
1-1: SINGLE (Line Drive, 34)
Batting: LHB Stan Bates 0-0: Called Strike
0-1: SINGLE (Line Drive, 7S)
Gene Cooper to second
Batting: SHB Theron Harper 0-0: Ground out 4-3 (Groundball, 4)
Top of the 2nd over - 0 run(s), 2 hit(s), 0 error(s), 2 left on base; St Charles 0 - Madison 0
BOTTOM OF THE 2ND
Madison Bombers batting - Pitching for St Charles Sheens : LHP Ben Moody
Batting: RHB Sergio Márquez 0-0: Foul Ball, location: 2F
0-1: SINGLE (Line Drive, 7LS)
Batting: LHB Mike Callahan 0-0: Called Strike
0-1: Swinging Strike
0-2: Strikes out looking
Batting: SHB Dave MacThomas 0-0: Called Strike
0-1: Ball
Wild Pitch!
Sergio Márquez to second
1-1: Foul Ball, location: 2F
1-2: Ball
2-2: Fly out, F5 (Line Drive, 5)
Batting: RHB Cris Fuentes 0-0: Ball
1-0: Ball
2-0: Called Strike
2-1: Ground out 5-3 (Groundball, 56)
Bottom of the 2nd over - 0 run(s), 1 hit(s), 0 error(s), 1 left on base; St Charles 0 - Madison 0
TOP OF THE 3RD
St Charles Sheens batting - Pitching for Madison Bombers : RHP Bennie Jones
Batting: RHB Dan Tyler 0-0: Ball
1-0: Ball
2-0: SINGLE (Line Drive, 6D)
Batting: LHB Bob Ware 0-0: Ball
1-0: Ball
2-0: Fly out, F7 (Flyball, 7LMF)
Batting: RHB Kel Pierce 0-0: Called Strike
0-1: Ground out 6-3 (Groundball, 6S)
Dan Tyler to second
Batting: LHB Juan Jose Rojas 0-0: Called Strike
0-1: Ball
1-1: Swinging Strike
1-2: Foul Ball, location: 2F
1-2: Strikes out swinging
Top of the 3rd over - 0 run(s), 1 hit(s), 0 error(s), 1 left on base; St Charles 0 - Madison 0
BOTTOM OF THE 3RD
Madison Bombers batting - Pitching for St Charles Sheens : LHP Ben Moody
Batting: LHB Sixto Cantú 0-0: Ball
1-0: Called Strike
1-1: Fly out, F4 (Line Drive, 4S)
Batting: RHB Quinton Martínez 0-0: Ball
1-0: Called Strike
1-1: Called Strike
1-2: Strikes out swinging
Batting: RHB Guo-xiu Choi 0-0: Ball
1-0: Ball
2-0: Foul Ball, location: 2F
2-1: Ball
3-1: Foul Ball, location: 2F
3-2: Strikes out looking
Bottom of the 3rd over - 0 run(s), 0 hit(s), 0 error(s), 0 left on base; St Charles 0 - Madison 0
TOP OF THE 4TH
St Charles Sheens batting - Pitching for Madison Bombers : RHP Bennie Jones
Batting: LHB Larry Howard 0-0: Ball
1-0: Swinging Strike
1-1: Ball
2-1: Foul Ball, location: 2F
2-2: Strikes out looking
Batting: LHB Jason Lambert 0-0: Ball
1-0: Foul Ball, location: 2F
1-1: Called Strike
1-2: Strikes out swinging
Batting: LHB Gene Cooper 0-0: Called Strike
0-1: Ball
1-1: Ball
2-1: Ball
3-1: Called Strike
3-2: Foul Ball, location: 2F
3-2: Base on Balls
Batting: LHB Stan Bates 0-0: Called Strike
Gene Cooper steals 2nd base
0-1: Foul Ball, location: 2F
0-2: Ball
1-2: Fly out, F5 (Line Drive, 56)
Top of the 4th over - 0 run(s), 0 hit(s), 0 error(s), 1 left on base; St Charles 0 - Madison 0
BOTTOM OF THE 4TH
Madison Bombers batting - Pitching for St Charles Sheens : LHP Ben Moody
Batting: RHB Alonso Holguín 0-0: Foul Ball, location: 2F
0-1: Foul Ball, location: 2F
0-2: SINGLE (Line Drive, 9S)
Batting: LHB Seung-chun Mun 0-0: Grounds into double play, 4-6-3 (Groundball, 4)
Batting: RHB Sergio Márquez 0-0: Called Strike
0-1: DOUBLE (Line Drive, 78XD)
Batting: LHB Mike Callahan 0-0: Called Strike
0-1: Ball
1-1: Called Strike
1-2: Ground out 4-3 (Groundball, 4)
Bottom of the 4th over - 0 run(s), 2 hit(s), 0 error(s), 1 left on base; St Charles 0 - Madison 0
TOP OF THE 5TH
St Charles Sheens batting - Pitching for Madison Bombers : RHP Bennie Jones
Batting: SHB Theron Harper 0-0: Foul Ball, location: 2F
0-1: Called Strike
0-2: Ball
1-2: Strikes out swinging
Batting: RHB Dan Tyler 0-0: Ground out 4-3 (Groundball, 4M)
Batting: LHB Bob Ware 0-0: Ground out 4-3 (Groundball, 34)
Top of the 5th over - 0 run(s), 0 hit(s), 0 error(s), 0 left on base; St Charles 0 - Madison 0
BOTTOM OF THE 5TH
Madison Bombers batting - Pitching for St Charles Sheens : LHP Ben Moody
Batting: SHB Dave MacThomas 0-0: Called Strike
0-1: Ball
1-1: Fly out, F8 (Flyball, 8RM)
Batting: RHB Cris Fuentes 0-0: SINGLE (Groundball, 34)
Batting: LHB Sixto Cantú 0-0: Swinging Strike
0-1: Foul Ball, location: 2F
0-2: Strikes out swinging
Batting: RHB Quinton Martínez 0-0: Ground out 5-3 (Groundball, 56S)
Bottom of the 5th over - 0 run(s), 1 hit(s), 0 error(s), 1 left on base; St Charles 0 - Madison 0
TOP OF THE 6TH
St Charles Sheens batting - Pitching for Madison Bombers : RHP Bennie Jones
Batting: RHB Kel Pierce 0-0: Swinging Strike
0-1: Foul Ball, location: 2F
0-2: Ball
1-2: Ball
2-2: Ball
3-2: Reached on error, E1 (Groundball, 23)
Batting: LHB Juan Jose Rojas 0-0: Called Strike
0-1: Ball
1-1: Foul Ball, location: 2F
1-2: Ball
2-2: SINGLE (Line Drive, 6MD)
Kel Pierce to second
Batting: LHB Larry Howard 0-0: Swinging Strike
0-1: Swinging Strike
0-2: Ball
1-2: Ball
2-2: SINGLE (Line Drive, 78S)
Kel Pierce to third
Juan Jose Rojas to second
Batting: LHB Jason Lambert 0-0: Ball
1-0: Ball
2-0: Called Strike
2-1: Called Strike
2-2: Ball
3-2: Fly out, F8 (Popup, 6MD)
Batting: LHB Gene Cooper 0-0: Fly out, F8 (Flyball, 89XD)
Runner from 3rd tags up, SCORES, no throw
Batting: LHB Stan Bates 0-0: Ball
1-0: Ball
2-0: Swinging Strike
2-1: Fly out, F5 (Popup, 56)
Top of the 6th over - 1 run(s), 2 hit(s), 1 error(s), 2 left on base; St Charles 1 - Madison 0
BOTTOM OF THE 6TH
Madison Bombers batting - Pitching for St Charles Sheens : LHP Ben Moody
Batting: RHB Guo-xiu Choi 0-0: SOLO HOME RUN (Flyball, 8RXD), Distance : 436 ft
Batting: RHB Alonso Holguín 0-0: Ball
1-0: Ball
2-0: Foul Ball, location: 2F
2-1: Swinging Strike
2-2: Foul Ball, location: 2F
2-2: Foul Ball, location: 2F
2-2: Strikes out looking
Batting: LHB Seung-chun Mun 0-0: Ball
1-0: Swinging Strike
1-1: Foul Ball, location: 2F
1-2: Foul Ball, location: 2F
1-2: Strikes out swinging
Batting: RHB Sergio Márquez 0-0: Ball
1-0: Called Strike
1-1: Ball
2-1: DOUBLE (Flyball, 78D)
Batting: LHB Mike Callahan 0-0: Called Strike
0-1: 2-RUN HOME RUN (Flyball, 9D), Distance : 375 ft
Batting: SHB Dave MacThomas 0-0: Called Strike
0-1: Fly out, F3 (Popup, 3SF)
Bottom of the 6th over - 3 run(s), 3 hit(s), 0 error(s), 0 left on base; St Charles 1 - Madison 3
TOP OF THE 7TH
St Charles Sheens batting - Pitching for Madison Bombers : RHP Bennie Jones
Batting: SHB Theron Harper 0-0: Ball
1-0: Called Strike
1-1: Fly out, F7 (Flyball, 7S)
Batting: RHB Dan Tyler 0-0: Called Strike
0-1: Ball
1-1: Ball
2-1: SINGLE (Flyball, 89S)
Batting: LHB Bob Ware 0-0: Ball
1-0: Ball
2-0: Called Strike
2-1: Ball
3-1: Called Strike
3-2: Foul Ball, location: 2F
Pickoff Throw to First - Error! E1
Dan Tyler to second
3-2: Base on Balls
Batting: RHB Kel Pierce 0-0: Ball
1-0: Called Strike
1-1: Grounds into double play, 4-6-3 (Groundball, 4D)
Top of the 7th over - 0 run(s), 1 hit(s), 1 error(s), 1 left on base; St Charles 1 - Madison 3
BOTTOM OF THE 7TH
Madison Bombers batting - Pitching for St Charles Sheens : LHP Ben Moody
Batting: RHB Cris Fuentes 0-0: Fly out, F7 (Flyball, 7LD)
Batting: LHB Sixto Cantú 0-0: Ball
1-0: Called Strike
1-1: Ball
2-1: Foul Ball, location: 2F
2-2: Fly out, F8 (Flyball, 89XD)
Batting: RHB Quinton Martínez 0-0: Ball
1-0: Called Strike
1-1: Foul Ball, location: 2F
1-2: Ball
2-2: Strikes out swinging
Bottom of the 7th over - 0 run(s), 0 hit(s), 0 error(s), 0 left on base; St Charles 1 - Madison 3
TOP OF THE 8TH
St Charles Sheens batting - Pitching for Madison Bombers : RHP Bennie Jones
Pitching: RHP Arturo Leal
Batting: LHB Juan Jose Rojas 0-0: Swinging Strike
0-1: Swinging Strike
0-2: Foul Ball, location: 2F
0-2: Ball
1-2: SINGLE (Flyball, 78S)
Pitching: LHP Dave Carbone
Batting: LHB Larry Howard 0-0: Swinging Strike
0-1: Ball
1-1: Called Strike
1-2: Strikes out swinging
Batting: LHB Jason Lambert 0-0: Called Strike
0-1: SINGLE (Groundball, 2L) (infield hit)
Juan Jose Rojas to second
Batting: LHB Gene Cooper 0-0: Called Strike
0-1: Ball
1-1: Foul Ball, location: 2F
1-2: SINGLE (Line Drive, 56)
Juan Jose Rojas to third
Jason Lambert to second
Batting: LHB Stan Bates 0-0: Called Strike
0-1: Grounds into double play, U6-3 (Groundball, 6M)
Top of the 8th over - 0 run(s), 3 hit(s), 0 error(s), 2 left on base; St Charles 1 - Madison 3
BOTTOM OF THE 8TH
Madison Bombers batting - Pitching for St Charles Sheens : LHP Ben Moody
Batting: RHB Guo-xiu Choi 0-0: Ball
1-0: Fly out, F9 (Popup, 4D)
Batting: RHB Alonso Holguín 0-0: Called Strike
0-1: Ground out 5-3 (Groundball, 5S)
Batting: LHB Seung-chun Mun 0-0: Called Strike
0-1: Ball
1-1: SINGLE (Groundball, 4M)
Batting: RHB Sergio Márquez 0-0: SINGLE (Groundball, 56D)
Seung-chun Mun to second
Batting: LHB Mike Callahan 0-0: Foul Ball, location: 2F
0-1: Foul Ball, location: 2F
0-2: Strikes out looking
Bottom of the 8th over - 0 run(s), 2 hit(s), 0 error(s), 2 left on base; St Charles 1 - Madison 3
TOP OF THE 9TH
St Charles Sheens batting - Pitching for Madison Bombers : LHP Dave Carbone
Pitching: RHP Alonso Gallardo
Batting: SHB Theron Harper 0-0: Foul Ball, location: 2F
0-1: Ball
1-1: Fly out, F7 (Flyball, 78M)
Batting: RHB Dan Tyler 0-0: Called Strike
0-1: Ball
1-1: Ball
2-1: Swinging Strike
2-2: Strikes out looking
Batting: LHB Bob Ware 0-0: Swinging Strike
0-1: Swinging Strike
0-2: Ball
1-2: Strikes out looking
Top of the 9th over - 0 run(s), 0 hit(s), 0 error(s), 0 left on base; St Charles 1 - Madison 3
Monday, December 5th, 2016 - OOTP Baseball 17.12 Build 75